 Dungeon Crawl Stone Soup version 0.19.4 (webtiles) character file.

65 Gargoyl the Skirmisher (level 4, -4/40 HPs)
             Began as a Ghoul Abyssal Knight on Feb 3, 2017.
             Was a Follower of Lugonu.
             Slain by a kobold
             ... wielding a +0 short sword of electrocution
              (16 damage)
             ... on level 2 of the Dungeon.
             The game lasted 00:02:44 (1424 turns).

Gargoyl the Skirmisher (Ghoul Abyssal Knight)       Turns: 1424, Time: 00:02:45

Health: -4/40      AC: 10    Str: 15    XL:     4   Next: 13%
Magic:  4/4        EV:  6    Int:  7    God:    Lugonu [*.....]
Gold:   113        SH:  3    Dex:  9    Spells: 0 memorised, 3 levels left

rFire  . . .     SeeInvis .     a - +1 hand axe
rCold  + . .     Gourm    .     b - +0 chain mail
rNeg   + + +     Faith    .     g - +0 buckler (curse)
rPois  ∞         Spirit   .     i - +0 helmet
rElec  .         Reflect  .     (no cloak)
rCorr  .         Harm     .     (no gloves)
MR     +....                    (no boots)
Stlth  ..........               (no amulet)
                                (no ring)
                                f - ring of protection from magic

@: rotting
A: rotting body, claws 1, carnivore 3, cold resistance 1, negative energy
resistance 3, slow regeneration 1, torment resistance, unbreathing
a: Depart the Abyss, Renounce Religion


You were on level 2 of the Dungeon.
You worshipped Lugonu.
Lugonu was aware of your devotion.
You were not hungry.

You visited 1 branch of the dungeon, and saw 2 of its levels.
You visited the Abyss 1 time.

You collected 113 gold pieces.

Inventory:

Hand Weapons
 a - a +1 hand axe (weapon)
Armour
 b - a +0 chain mail (worn)
 g - a cursed +0 buckler (worn)
 i - a +0 helmet (worn)
Jewellery
 f - a ring of protection from magic (left claw)
Scrolls
 e - a scroll of noise {unknown}
 m - a scroll of identify
 o - 2 scrolls of magic mapping {unknown}
Potions
 h - a potion of flight {unknown}
 j - 2 potions of curing {unknown}
Books
 k - a book of Cantrips

   Spells                             Type                      Level
   a - Confusing Touch                Hexes                        1
   b - Animate Skeleton               Necromancy                   1
   c - Summon Small Mammal            Summoning                    1
   d - Apportation                    Translocation                1
 l - a book of Minor Magic

   Spells                             Type                      Level
   a - Magic Dart                     Conjuration                  1
   b - Blink                          Translocation                2
   c - Call Imp                       Summoning                    2
   d - Repel Missiles                 Charms/Air                   2
   e - Slow                           Hexes                        2
   f - Conjure Flame                  Conjuration/Fire             3
   g - Mephitic Cloud                 Conjuration/Poison/Air       3
Comestibles
 c - 4 meat rations
 d - a royal jelly
 n - a slice of pizza
 p - a chunk of flesh


   Skills:
 + Level 3.8 Fighting
 + Level 2.4 Axes
 * Level 2.5 Armour
 + Level 1.0 Dodging
 + Level 0.1 Shields
 * Level 2.5 Invocations


You had 3 spell levels left.
You didn't know any spells.

Dungeon Overview and Level Annotations

Branches:
Dungeon (2/15)

Altars:
Nemelex Xobeh


Innate Abilities, Weirdness & Mutations

Your body is rotting away.
You thrive on raw meat.
You are immune to poison.
You have sharp fingernails.
You are carnivorous and can eat meat at any time.
Your flesh is cold resistant. (rC+)
You are immune to negative energy. (rN+++)
You regenerate slowly when monsters are visible.
You are immune to unholy pain and torment.
You can survive without breathing.


Message History

You see here a stone.
The kobold throws a stone.
The stone hits you but does no damage.
Found a stone staircase leading down.
You see here a stone.
You closely miss the kobold.
The kobold hits you with a short sword of electrocution.
You are electrocuted!
You block the kobold's attack.
Your chain mail prevents you from hitting the kobold.
The kobold hits you but does no damage.
You closely miss the kobold. The kobold hits you but does no damage.
You are electrocuted!
* * * LOW HITPOINT WARNING * * *
You barely miss the kobold. You block the kobold's attack.
You hit the kobold.
The kobold is severely wounded.
The kobold barely misses you.
You closely miss the kobold.
The kobold is severely wounded.
The kobold hits you but does no damage. x2; You are electrocuted!
You die...

######### #.......#
###.......####### #
#...............# #..
#...######......#
#...##........#......###
#>............'......'..
#.K@(((((.#......#.#
#....######......#.#
#....# #......#.. #....#
#......### #+####
#......# #......#
#......#


You could see a kobold.

Vanquished Creatures
  2 adders (D:2)
  2 oozes (D:1)
  4 dart slugs (D:1)
  2 leopard geckos (D:1)
  A ball python (D:1)
  3 bats
  3 giant cockroaches
  A hobgoblin (D:2)
  2 kobolds (D:1)
  A frilled lizard (D:2)
  4 goblins
  4 rats
29 creatures vanquished.

Notes
Turn   | Place    | Note
-------+----------+-------------------------------------------
     0 | Abyss:1  | Gargoyl the Ghoul Abyssal Knight began the quest for the Orb.
     0 | Abyss:1  | Reached XP level 1. HP: 19/19 MP: 1/1
    84 | Abyss:2  | Found a corrupted altar of Lugonu.
    96 | Abyss:2  | Found a corrupted altar of Lugonu.
   125 | Abyss:2  | Noticed a small abomination
   130 | Abyss:2  | Noticed a large abomination
   186 | Abyss:3  | Noticed a large abomination
   186 | D:1      | Escaped the Abyss
   489 | D:1      | Reached XP level 2. HP: 22/26 MP: 2/2
   537 | D:1      | Reached * piety under Lugonu
   754 | D:1      | Reached XP level 3. HP: 31/33 MP: 3/3
  1273 | D:2      | Reached skill level 1 in Dodging
  1273 | D:2      | Reached XP level 4. HP: 37/40 MP: 4/4
  1368 | D:2      | Found a sparkling altar of Nemelex Xobeh.
  1424 | D:2      | Slain by a kobold

Skill      XL: |  1  2  3 |
---------------+----------+-----
Armour         | 2 |  2.5
Axes           | 2 |  2.4
Dodging        | 1 |  1.0
Fighting       | |  3.8
Shields        | |  0.1
Invocations    | |  2.5

Action                   |  1- 3 |  4- 6 || total
-------------------------+-------+-------++-------
Melee: Hand axe          |   105 |    18 ||   123
Invok: Depart the Abyss  |     1 |       ||     1
  Use: Scroll            |     3 |       ||     3
  Eat: Chunk             |    13 |     1 ||    14
Armor: Ring mail         |    32 |       ||    32
       Chain mail        |    26 |    10 ||    36
Dodge: Dodged            |    47 |     3 ||    50
Block: Buckler           |    15 |     5 ||    20
